 Dungeon Crawl Stone Soup version 0.22-a0-283-g1871b15 (webtiles) character file.

544 vishdafish the Poker (level 7, -18/59 HPs)
             Began as a Demonspawn Fighter on Mar 19, 2018.
             Demolished by an ogre
             ... wielding a +0 giant club
              (19 damage)
             ... on level 2 of the Dungeon on Mar 20, 2018.
             The game lasted 00:02:49 (2528 turns).

vishdafish the Poker (Demonspawn Fighter)           Turns: 2528, Time: 00:02:50

Health: -18/59     AC:  8    Str: 16    XL:     7   Next: 6%
Magic:  7/7        EV: 12    Int: 11    God:
Gold:   110        SH: 10    Dex: 13    Spells: 6/6 levels left

rFire    . . .     SeeInvis .   a - +0 trident
rCold    . . .     Gourm    .   c - +0 shield
rNeg     . . .     Faith    .   b - +0 scale mail
rPois    .         Spirit   .   (helmet restricted)
rElec    .         Reflect  .   (no cloak)
rCorr    .         Harm     .   (no gloves)
MR       .....                  d - +0 pair of boots
Stlth    +.........             (no amulet)
HPRegen  0.19/turn              (no ring)
MPRegen  0.10/turn              (no ring)

@: no status effects
A: antennae 1, repulsion field 1, demonic guardian 1, nightstalker 1
a: no special abilities


You were on level 2 of the Dungeon.
You were not hungry.

You visited 1 branch of the dungeon, and saw 2 of its levels.

You collected 110 gold pieces.

Inventory:

Hand Weapons
 a - a +0 trident (weapon)
Armour
 b - a +0 scale mail (worn)
 c - a +0 shield (worn)
 d - a +0 pair of boots (worn)
Scrolls
 e - a scroll of fog
 g - a scroll of magic mapping {unknown}
 h - a scroll of enchant armour {unknown}
 i - 3 scrolls of teleportation {unknown}
 j - a scroll of enchant weapon {unknown}
 k - 2 scrolls of remove curse
 l - 3 scrolls of identify {unknown}
Comestibles
 f - 2 rations


   Skills:
 + Level 6.4 Fighting
 * Level 7.7 Polearms
 + Level 5.8 Armour
 + Level 5.0 Dodging
 + Level 5.7 Shields


You had 6 spell levels left.
You didn't know any spells.

Dungeon Overview and Level Annotations

Branches:
Dungeon (2/15)

Altars:
Qazlal


Innate Abilities, Weirdness & Mutations

You have a pair of small antennae on your head.
You are surrounded by a mild repulsion field. (EV +2)
A weak demonic guardian rushes to your aid.
You are slightly more attuned to the shadows.


Message History

You are too injured to fight recklessly!
You are too injured to fight recklessly!
You are too injured to fight recklessly!
You are too injured to fight recklessly!
You hit the ogre but do no damage.
The ogre is moderately wounded.
The ogre hits you with a giant club!
* * * LOW HITPOINT WARNING * * *
It was a potion of experience.
You feel more experienced!
Your Fighting skill gained 3 levels and is now at level 6!
Your Polearms skill gained 4 levels and is now at level 7!
Your Armour skill gained 2 levels and is now at level 5!
Your Dodging skill gained 4 levels and is now at level 5!
Your Shields skill gained 2 levels and is now at level 5!
You have reached level 7!
Your demonic ancestry asserts itself...
You feel the presence of a demonic guardian.
The ogre hits you with a giant club!!
You die...

####...####.........##
#.........##.......##
#.###.###.###.....##
###.# #.# ##...## #...#
#.# ##'## # #.### #.#
#.# #.#.#####.# #.#
##.........#####.######
#....5.@...(.......##...
#.###..O.....##.....#.##
# ####.###.###...##.#
#.# #.###..###.# ...
.(.....###.# #
####..........#
######.##### #.# #.#


You could see an ogre and a friendly white imp.

Vanquished Creatures
  Sigmund (D:2)
  4 gnolls
  3 adders (D:2)
  A dart slug (D:1)
  2 leopard geckos (D:2)
  7 bats
  4 giant cockroaches
  5 goblins
  4 hobgoblins (D:1)
  3 jackals (D:2)
  7 kobolds
  2 quokkas (D:2)
  3 frilled lizards
  4 rats
50 creatures vanquished.

Notes
Turn   | Place    | Note
-------+----------+-------------------------------------------
     0 | D:1      | vishdafish the Demonspawn Fighter began the quest for the Orb.
     0 | D:1      | Reached XP level 1. HP: 18/18 MP: 1/1
    50 | D:1      | Reached skill level 2 in Polearms
    75 | D:1      | Gained mutation: You are surrounded by a mild repulsion field. (EV +2) [demonic ancestry]
    75 | D:1      | Reached XP level 2. HP: 15/24 MP: 2/2
   613 | D:1      | Reached XP level 3. HP: 26/29 MP: 3/3
   986 | D:1      | Reached skill level 1 in Dodging
  1176 | D:2      | Gained mutation: You have a pair of small antennae on your head. [demonic ancestry]
  1176 | D:2      | Reached XP level 4. HP: 8/35 MP: 4/4
  1564 | D:2      | Found a stormy altar of Qazlal.
  1807 | D:2      | Noticed Sigmund
  1823 | D:2      | Killed Sigmund
  1823 | D:2      | Reached skill level 3 in Polearms
  1823 | D:2      | Reached XP level 5. HP: 11/42 MP: 5/5
  2327 | D:2      | Gained mutation: You are slightly more attuned to the shadows. [demonic ancestry]
  2327 | D:2      | Reached XP level 6. HP: 47/48 MP: 6/6
  2527 | D:2      | HP: 1/48 [ogre/giant club (13)]
  2528 | D:2      | Reached skill level 7 in Polearms
  2528 | D:2      | Reached skill level 5 in Armour
  2528 | D:2      | Reached skill level 5 in Dodging
  2528 | D:2      | Reached skill level 5 in Shields
  2528 | D:2      | Gained mutation: A weak demonic guardian rushes to your aid. [demonic ancestry]
  2528 | D:2      | Reached XP level 7. HP: 1/59 MP: 7/7
  2528 | D:2      | Demolished by an ogre

Vault maps used:
D:1:      dpeg_arrival_tiny_h, kennysheep_boxes
D:2:      lemuel_doored_altar, uniq_sigmund

Skill      XL: |  1  2  3  4  5  6 |
---------------+-------------------+-----
Polearms       | 2 3 7 |  7.7
Armour         | 3 5 |  5.8
Shields        | 3 5 |  5.7
Dodging        | 1 5 |  5.0
Fighting       | 6 |  6.4

Action                   |  1- 3 |  4- 6 |  7- 9 || total
-------------------------+-------+-------+-------++-------
Melee: Trident           |   130 |   114 |       ||   244
  Use: Potion            |     1 |     2 |       ||     3
       Scroll            |       |     2 |       ||     2
  Eat: Ration            |       |     1 |       ||     1
       Chunk             |       |     2 |       ||     2
Armor: Scale mail        |    39 |    50 |       ||    89
Dodge: Dodged            |    31 |    49 |       ||    80
Block: Shield            |    45 |    59 |       ||   104

Table legend:
 A = Spawn XP
 B = Non-spawn XP
 C = Spawn XP percentage of total XP
 D = Spawn monster count
 E = Non-spawn monster count
 F = Spawn count percentage of total count
 G = Total turns spent on level
                    A         B        C        D         E        F      G
               +---------+---------+-------+---------+---------+-------+---------
         Total |       0 |     403 |   0.0 |       0 |      50 |   0.0 |  2528
               +---------+---------+-------+---------+---------+-------+---------
           D:1 |       0 |      89 |   0.0 |       0 |      29 |   0.0 |  1118
           D:2 |       0 |     314 |   0.0 |       0 |      21 |   0.0 |  1410
               +---------+---------+-------+---------+---------+-------+---------
